 Dungeon Crawl Stone Soup version 0.31-a0-1338-gb567cfdca4 (webtiles) character file.

Game seed: 2568218039197896729

644 Sonofthefire the Changeling (level 7, -4/43 HPs)
             Began as an Octopode Shapeshifter on Dec 21, 2023.
             Killed from afar by a white imp (13 damage)
             ... with a puff of frost
             ... on level 5 of the Dungeon.
             The game lasted 00:05:14 (4283 turns).

Sonofthefire the Changeling (Octopode Shapeshifter) Turns: 4283, Time: 00:05:15

Health: -4/43      AC:  1    Str: 13    XL:     7   Next: 52%
Magic:  7/7        EV: 14    Int: 12    God:
Gold:   241        SH:  0    Dex: 14    Spells: 6/6 levels left

rFire   . .          .
                       - Unarmed
rCold   . . .        (no shield)
rNeg    . . .        (helmet currently unavailable)
rPois   .            (no amulet)
rElec   .            (no ring)
rCorr   .            (no ring)
SInv    .            (no ring)
Will    .....        (no ring)
Stlth   ++           (no ring)
HPRegen 0.27/turn    (no ring)
MPRegen 0.10/turn    (no ring)
                     (no ring)

%: no passive effects
@: beast-form
A: beast (slay +3), almost no armour, amphibious, 8 rings, camouflage 1,
gelatinous body 1, (nimble swimmer 1), tentacles
a: Begin Untransformation


You were on level 5 of the Dungeon.
You were a hulking beast.
You visited 1 branch of the dungeon, and saw 5 of its levels.

You collected 241 gold pieces.

Inventory:

Missiles
 p - 2 throwing nets
Armour
 h - an orb of energy
Jewellery
 e - a ring of flight
Talismans
 b - a beast talisman
 c - a flux talisman
Scrolls
 d - a scroll of butterflies {unknown}
 f - 6 scrolls of identify {unknown}
 g - a scroll of noise {unknown}
 j - 3 scrolls of teleportation {unknown}
 k - a scroll of torment {unknown}
 l - 2 scrolls of enchant armour {unknown}
 m - 2 scrolls of revelation {unknown}
 n - a scroll of fog {unknown}
 o - a scroll of amnesia {unknown}
 s - a scroll of poison {unknown}
Potions
 a - 2 potions of lignification
 i - 3 potions of curing {unknown}
 q - a potion of might {unknown}
 r - a potion of enlightenment {unknown}


   Skills:
 - Level 1.0 Fighting
 + Level 4.3 Dodging
 + Level 4.9 Unarmed Combat
 * Level 5.9 Shapeshifting


You had 6 spell levels left.
You didn't know any spells.
Your spell library contained the following spells:

 Spells                   Type           Power      Damage    Failure   Level
 Apportation              Tloc           0%         N/A       32%         1
 Necrotise                Necr           0%         1d4       32%         1
 Sting                    Conj/Alch      0%         1d3       32%         1
 Summon Small Mammal      Summ           0%         N/A       32%         1
 Stone Arrow              Conj/Erth      0%         3d7       69%         3
 Lehudib's Crystal Spear  Conj/Erth      0%         10d2      100%        8
 Animate Armour           Summ/Erth      Unusable   N/A       N/A         4

Dungeon Overview and Level Annotations

Branches:
Dungeon (5/15)
 Temple: D:4-7

Altars:
Elyvilon
Gozag
Hepliaklqana
Kikubaaqudgha
Sif Muna
Trog
Uskayaw
Wu Jian


Innate Abilities, Weirdness & Mutations

You are a hulking beast.
Your limbs bulge with bestial killing power. (Slay +3)
You cannot wear most types of armour.
You are amphibious.
You can wear up to eight rings at the same time.
Your skin changes colour to match your surroundings (Stealth+).
Your rubbery body absorbs attacks. (AC +1, EV +1)
((You are camouflaged when in or above water. (Stealth+)))
You have tentacles for arms and can constrict up to eight enemies at once.


Message History

An orc is nearby!
An orc is nearby!
An orc priest comes into view. It is wielding a +0 hand axe.
Found a robe.
A white imp and 2 orcs come into view.
The white imp shouts!
The orc priest shouts!
The white imp gestures at you. The puff of frost misses you.
The orc shouts! x2
Found 5 javelins.
The orc hits you with a +0 dagger. The orc misses you.
You closely miss the orc. Your grab misses the orc. The orc misses you.
The orc barely misses you. The orc hits you with a +0 dagger.
The orc priest miscasts a cantrip.
You tentacle-slap the orc priest. Your grab misses the orc priest.
Your squeeze misses the orc priest.
The orc priest is lightly wounded.
The orc closely misses you. The orc barely misses you.
The white imp gestures at you. The puff of frost hits you!
The orc hits you with a +0 dagger.
The orc priest invokes the aid of Beogh against you.
Pain shoots through your body!
You tentacle-slap the orc priest. You grab the orc priest.
You squeeze the orc priest.
The orc priest is heavily wounded.
You constrict the orc priest. The orc hits you but does no damage.
The white imp hits you. The white imp freezes you.
The orc hits you but does no damage.
The orc priest invokes the aid of Beogh against you.
You struggle to resist.
The orc barely misses you.
You tentacle-slap the orc priest but do no damage.
The orc priest is heavily wounded.
You constrict the orc priest. The orc misses you.
The orc priest mumbles some strange prayers to Beogh against you.
Pain shoots through your body!
* * * LOW HITPOINT WARNING * * *
The orc barely misses you. The orc hits you with a +0 hand axe.
* * * LOW HITPOINT WARNING * * *
The white imp gestures at you. The puff of frost hits you!
You die...

# # .#.## .##
.....######..##
......oo.......
#..oh5.(....
####.o##.....
..########.####...
#.#.....##........
#........#..#.....
#..........## ...[
#......<..## ....
#.........###.. ..
#.........#.... .


You could see an orc priest, a white imp and 3 orcs.

Vanquished Creatures
  Duvessa (D:4)
  An ice beast (D:3)
  A phantom (D:3)
  Dowan (D:4)
  A jelly (D:4)
  3 orc priests
  7 gnolls (D:4)
  4 adders
  3 worms
  3 dart slugs
  10 orcs
  12 ball pythons
  5 endoplasms
  4 giant cockroaches
  8 goblins
  10 hobgoblins
  3 quokkas
  6 bats
  2 frilled lizards
  8 kobolds
  5 rats
98 creatures vanquished.

Notes
Turn   | Place    | Note
-------+----------+-------------------------------------------
     0 | D:1      | Sonofthefire the Octopode Shapeshifter began the quest for
                  | the Orb.
     0 | D:1      | Reached XP level 1. HP: 13/13 MP: 1/1
   170 | D:1      | Reached XP level 2. HP: 18/18 MP: 2/2
   348 | D:1      | Reached XP level 3. HP: 23/23 MP: 3/3
   866 | D:2      | Reached XP level 4. HP: 19/28 MP: 4/4
   867 | D:2      | Reached skill level 4 in Shapeshifting
  1132 | D:2      | Reached XP level 5. HP: 24/33 MP: 5/5
  1237 | D:2      | Found a shimmering blue altar of Sif Muna.
  1666 | D:3      | Found a hide-covered altar of Uskayaw.
  1679 | D:3      | Found a shimmering blue altar of Sif Muna.
  1688 | D:3      | Found a white marble altar of Elyvilon.
  1688 | D:3      | Found a bloodstained altar of Trog.
  1691 | D:3      | Found a hazy altar of Hepliaklqana.
  1692 | D:3      | Found an ancient bone altar of Kikubaaqudgha.
  1695 | D:3      | Found an opulent altar of Gozag.
  2034 | D:3      | Found an ornate altar of the Wu Jian Council.
  2121 | D:3      | Noticed an ice beast
  2258 | D:4      | Noticed Duvessa
  2285 | D:4      | Noticed Dowan
  2292 | D:4      | Killed Duvessa
  2293 | D:4      | Reached skill level 5 in Shapeshifting
  2293 | D:4      | Reached XP level 6. HP: 17/38 MP: 6/6
  2307 | D:4      | Killed Dowan
  2917 | D:4      | Reached XP level 7. HP: 30/43 MP: 7/7
  3366 | D:5      | Entered Level 5 of the Dungeon
  3788 | D:3      | Found an ornate altar of the Wu Jian Council.
  4021 | D:3      | Found a hide-covered altar of Uskayaw.
  4044 | D:3      | Found a shimmering blue altar of Sif Muna.
  4053 | D:3      | Found a white marble altar of Elyvilon.
  4053 | D:3      | Found a bloodstained altar of Trog.
  4056 | D:3      | Found a hazy altar of Hepliaklqana.
  4057 | D:3      | Found an ancient bone altar of Kikubaaqudgha.
  4058 | D:3      | Found an opulent altar of Gozag.
  4283 | D:5      | Killed from afar by a white imp

Illustrated notes

Levels and vault maps discovered:
D:1:      heliophobic_arrival_battle_scene, layout_rooms
D:2:      layout_basic, basic_altar
D:3:      layout_basic, mainiacjoe_overflow_alcove_2, minitemple,
          nicolae_uskayaw_murder_on_the_dancefloor, kennysheep_donut
D:4:      layout_basic, uniq_crazy_yiuf_cottage, uniq_duvessa
D:5:      nicolae_cairo_tiling_very_big, layout_rooms,
          chequers_temple_overflow_statue_of_worship,
          nemelex_spade_bored_becter, uniq_grinder, uniq_edmund, uniq_ijyb

Skill      XL: |  1  2  3  4  5  6  7 |
---------------+----------------------+-----
Shapeshifting  | 4 5 |  5.9
Dodging        | 3 4 |  4.3
Unarmed Combat | 4 |  4.9
Fighting       | |  1.0

Action                     |  1- 3 |  4- 6 |  7- 9 || total
---------------------------+-------+-------+-------++-------
  Melee: Unarmed           |    57 |   119 |    37 ||   213
         Constrict         |    15 |    32 |     8 ||    55
         Tentacles         |     9 |    20 |    10 ||    39
         Punch             |       |     1 |     1 ||     2
    Use: Potion            |       |     1 |       ||     1
   Stab: Sleeping          |     2 |     4 |     3 ||     9
 Armour: Skin              |    19 |    59 |    21 ||    99
  Dodge: Dodged            |    25 |    79 |    26 ||   130

Table legend: (Time is in decaauts)
 A = Elapsed time spent in this place.
 B = Non-inter-level travel time spent in this place.
 C = Inter-level travel time spent in this place.
 D = Time resting spent in this place.
 E = Time spent auto-exploring this place.
 F = Levels seen in this place.
 G = Mean time per level.
                   A        B        C        D        E       F      G
               +--------+--------+--------+--------+--------+-----+--------+
         Total |   4268 |   4142 |    126 |    884 |   2609 |   5 |  853.6 |
       Dungeon |   4268 |   4142 |    126 |    884 |   2609 |   5 |  853.6 |
               +--------+--------+--------+--------+--------+-----+--------+

Top non-repeatable levels by time:
     D:3: 1359 daAuts
     D:4: 1242 daAuts
     D:2: 1022 daAuts
     D:1: 610 daAuts
     D:5: 33 daAuts
